 Dungeon Crawl Stone Soup version 0.29.1-13-g9f3cf754e1 (webtiles) character file.

Game seed: 4161868045215277000

93 Peloso the Covered (level 4, -1/60 HPs)
             Began as a Minotaur Fighter on Jan 29, 2023.
             Succumbed to a gnoll sergeant's poison
             ... on level 4 of the Dungeon.
             The game lasted 00:03:38 (2183 turns).

Peloso the Covered (Minotaur Fighter)               Turns: 2183, Time: 00:03:39

Health: -1/60      AC: 14    Str: 20    XL:     4   Next: 37%
Magic:  3/3        EV:  7    Int:  5    God:
Gold:   114        SH:  5    Dex: 12    Spells: 3/3 levels left

rFire   . . .      SeeInvis .   a - +1 long sword
rCold   . . .      Faith    .   d - +0 buckler
rNeg    . . .      Spirit   .   n - +0 chain mail
rPois   .          Reflect  .   (helmet restricted)
rElec   .          Harm     .   (no cloak)
rCorr   .          Rampage  .   o - +2 pair of gloves
Will    .....                   c - +0 pair of boots {Fly}
Stlth   ..........              (no amulet)
HPRegen 0.20/turn               g - ring of flight
MPRegen 0.08/turn               (no ring)

@: berserking (expiring), lethally poisoned (-1 -> -9), flying, very quick
A: horns 2, retaliatory headbutt
a: no special abilities


You were on level 4 of the Dungeon.
You visited 1 branch of the dungeon, and saw 4 of its levels.

You collected 114 gold pieces.

Inventory:

Hand Weapons
 a - a +1 long sword (weapon)
Armour
 b - a +0 scale mail
 c - a +0 pair of boots of flying (worn)
 d - a +0 buckler (worn)
 n - a +0 chain mail (worn)
 o - a +2 pair of gloves (worn)
Jewellery
 g - a ring of flight (left hand)
Scrolls
 e - a scroll of poison {unknown}
 f - a scroll of enchant weapon
 h - a scroll of teleportation {unknown}
 i - a scroll of amnesia {unknown}
 j - a scroll of acquirement {unknown}
 m - a scroll of blinking {unknown}
 p - a scroll of noise {unknown}
 q - a scroll of identify {unknown}
Potions
 k - a potion of might


   Skills:
 + Level 4.1 Fighting
 + Level 3.2 Long Blades
 + Level 5.1 Armour
 + Level 0.3 Dodging
 + Level 4.1 Shields


You had 3 spell levels left.
You didn't know any spells.
Your spell library contained the following spells:

 Spells                   Type           Power      Damage    Failure   Level
 Freeze                   Ice            0%         1d3       100%        1
 Sting                    Tmut/Pois      0%         1d3       100%        1
 Poisonous Vapours        Pois/Air       0%         N/A       100%        2
 Frozen Ramparts          Ice            0%         1d1       100%        3
 Hailstorm                Conj/Ice       0%         3d3       100%        4
 Olgreb's Toxic Radiance  Pois           0%         N/A       100%        4


Dungeon Overview and Level Annotations

Branches:
Dungeon (4/15)
 Temple: D:4-7

Altars:

Annotations:
D:2 1 runed translucent door, Crazy Yiuf


Innate Abilities, Weirdness & Mutations

You have a pair of horns on your head.
You reflexively headbutt those who attack you in melee.


Message History

You feel sick.
You feel sick.
You feel sick.
You are no longer poisoned.
Found a potion of lignification.
A kobold comes into view. It is wielding a +3 dagger.
The kobold shouts!
You block the kobold's attack.
You slash the kobold!
You kill the kobold!
You see here a +3 dagger.
You aren't carrying any items that you can evoke.
Unknown command.
Okay, then.
As you read the scroll labelled QARAOVAWYE, it crumbles to dust.
It is a scroll of enchant weapon.
Your +0 long sword glows red for a moment.
The gnoll sergeant hits you from afar with a +5 spear of venom.
* * * LOW HITPOINT WARNING * * *
You are lethally poisoned!
It was a potion of berserk rage.
A red film seems to cover your vision as you go berserk!
You feel yourself moving faster!
You feel mighty!
You feel sick. You block the gnoll sergeant's attack.
You feel a strong urge to attack something.
You feel sick.
The gnoll sergeant hits you with a +5 spear of venom.
* * * LOW HITPOINT WARNING * * *
You are lethally poisoned!
You barely miss the gnoll sergeant.
* * * LOW HITPOINT WARNING * * *
You feel sick. The gnoll sergeant closely misses you. You furiously retaliate!
You headbutt the gnoll sergeant! You slash the gnoll sergeant!
You headbutt the gnoll sergeant.
The gnoll sergeant is almost dead.
* * * LOW HITPOINT WARNING * * *
You feel sick.
You slash the gnoll sergeant!
You kill the gnoll sergeant!
You die...

##################
#......ggg)@)!...#
####.##############.#
#.............#
###.............#
.........g......#
......≈≈≈≈g≈≈≈≈.#
......≈##≈.≈##≈.#
....).≈###g## .#
#.#...≈≈#.g. #


You could see 3 gnolls.

Vanquished Creatures
  A gnoll sergeant (D:4)
  Terence (D:2)
  A gnoll (D:4)
  An adder (D:2)
  A worm (D:2)
  2 ball pythons
  6 endoplasms
  4 giant cockroaches
  3 goblins (D:2)
  3 hobgoblins
  5 jackals
  6 kobolds
  A quokka (D:1)
  4 bats
  2 frilled lizards (D:1)
  4 rats
45 creatures vanquished.

Notes
Turn   | Place    | Note
-------+----------+-------------------------------------------
     0 | D:1      | Peloso the Minotaur Fighter began the quest for the Orb.
     0 | D:1      | Reached XP level 1. HP: 19/19 MP: 0/0
   383 | D:1      | Reached XP level 2. HP: 26/27 MP: 1/1
   819 | D:1      | Reached skill level 4 in Armour
  1003 | D:1      | Found a faded altar of an unknown god.
  1173 | D:2      | Reached XP level 3. HP: 25/33 MP: 2/2
  1394 | D:2      | Found a runed translucent door.
  1395 | D:2      | Noticed Crazy Yiuf
  1411 | D:2      | You are sucked into a shaft and drop 1 floor!
  1826 | D:2      | Noticed Terence
  1852 | D:2      | Killed Terence
  1853 | D:2      | Reached XP level 4. HP: 26/40 MP: 3/3
  2157 | D:4      | Noticed a gnoll sergeant
  2161 | D:4      | Reached skill level 5 in Armour
  2181 | D:4      | HP: 3/60 [poisoned by a gnoll sergeant]
  2182 | D:4      | HP: 1/60 [poisoned by a gnoll sergeant]
  2183 | D:4      | Killed a gnoll sergeant
  2183 | D:4      | Succumbed to a gnoll sergeant's poison

Illustrated notes

Levels and vault maps discovered:
D:1:      nicolae_arrival_memento_mori, layout_rooms,
          shapermc_ecumenical_altar_acropolis, minivault_24
D:2:      layout_basic, uniq_terence, uniq_crazy_yiuf_cottage
D:3:      layout_rooms, led_xom_imps, ebering_ghost_reflecting_pool
D:4:      layout_basic, serial_glass, glass_columns_b, glass_columns_b,
          portal_sewer_entry_a, lightli_minifort, uniq_robin

Skill      XL: |  1  2  3  4 |
---------------+-------------+-----
Shields        | 4 |  4.1
Armour         | 4 5 |  5.1
Fighting       | 4 |  4.1
Long Blades    | 3 |  3.2
Dodging        | |  0.3

Action                   |  1- 3 |  4- 6 || total
-------------------------+-------+-------++-------
Melee: Long sword        |   103 |    16 ||   119
       Headbutt          |    20 |     3 ||    23
  Use: Potion            |     1 |     1 ||     2
       Scroll            |       |     1 ||     1
Armor: Scale mail        |    26 |       ||    26
       Chain mail        |    18 |     6 ||    24
Dodge: Dodged            |    50 |     5 ||    55
Block: Buckler           |    32 |     8 ||    40
